Workbook

Sheet elemental BOQ
A1: Item | B1: Item Description | C1: Quantity | D1: Unit | E1: Rate | F1: Amount
A2: No.
A4: Trade :
B5: 1
B6: PRELIMINARY PARTICULARS
B8: PROJECT, PARTIES AND CONSULTANTS
B10: Name, nature and location of the Project
A12: 1 | B12: The Works comprise completion and refurbishment of the existing stone cottage and former shed/bedroom annex, construction of the approved rear extension, and associated services, drainage and external works at Tearmon Beg, Castlerea, Co. Roscommon. The completed accommodation is one short-term tourist unit, comprising three first-floor bedrooms, one ground-floor bedroom, upstairs bathroom, accessible ground-floor shower/WC, kitchen/dining/living area, separate living room, utility and circulation. Planning reference PD/24/60524; maximum six guests. | D12: Note
B14: Names and addresses of the Employer and Consultants
A16: 2 | B16: The Employer shall mean John Larkin, Tearmon Beg, Castlerea, Co. Roscommon. | D16: Note
B18: Employers Representatives
A20: 3 | B20: Employer to confirm appointed consultant and contact particulars before tender issue. | D20: noid
A22: 4 | B22: Consultant particulars: to be completed by Employer. | D22: noid
A24: 5 | B24: Consultant particulars: to be completed by Employer. | D24: noid
A26: 6 | B26: Consultant particulars: to be completed by Employer. | D26: noid
B28: Quantity Surveyors
A30: 7 | B30: Employer to confirm appointed consultant and contact particulars before tender issue. | D30: noid
A32: 8 | B32: Consultant particulars: to be completed by Employer. | D32: noid
A34: 9 | B34: Consultant particulars: to be completed by Employer. | D34: noid
B36: Consultants Generally
A38: 10 | B38: The Employer's Consultants and any other Consultants appointed from time to time by the Employer will be authorised to visit the site and to supervise all or any of the work. The Contractor shall observe their instructions and directions with regard to sa | C38: 1 | D38: Item
B40: DESCRIPTION OF THE SITE
B42: Location of and Access to Site
A44: 11 | B44: The site is accessible through the existing entrance lane, as noted on site drawing; Access will remain open to contractors at all standard times. Access must remain unobstructed for the duration of the works. No materials, plant or other can be temporari | C44: 1 | D44: Item
B46: Protection of Existing Building and Adjoining Properties
A48: 12 | B48: The Contractor should note the proximity of existing buildings, roadways and allow for any additional costs associated for restrictions/difficulties as a consequence of working adjacent to same. Allow for all costs associated with this. | C48: 1 | D48: Item
A50: 13 | B50: The Contractor shall be held solely responsible for the safety of the existing and adjoining properties and the safety of all temporary work that may be necessary for the protection, safety and stability of the existing properties while carrying out the w | C50: 1 | D50: Item
A52: 14 | B52: Particular attention will be required to abutments with existing buildings, paths, roads, adjoining walls, fences etc during the course of the work. | C52: 1 | D52: Item
B54: Existing Services
A56: 15 | B56: The information in the Contract as to the existence and whereabouts of existing services and mains is believed to be correct but the Contractor shall not be relieved of his obligations under the Contract. The Contractor shall include in his rates and pric | C56: 1 | D56: Item
A58: 16 | B58: The Contractor shall allow in his rates and prices for taking measures to deal with overhead power cables, and the like | C58: 1 | D58: Item
A60: 17 | B60: The Contractor shall allow in his rates and prices for taking measures to deal with the existing flow of water, sewerage, and the like. | C60: 1 | D60: Item
A62: 18 | B62: The Contractor shall do everything necessary to avoid damage to any services and structures below, on or above the ground, which are manifestly put at risk by the execution of the works. | C62: 1 | D62: Item
A64: 19 | B64: The Contractor shall fully satisfy himself as to the exact location of all existing services. The Contractor should contact the Electricity Supply Board, Bord Gais, Eir, Irish Water and Local Authorities in relation to power cables, gas pipes, telephone c | C64: 1 | D64: Item
A66: 20 | B66: The contingency plan must be approved in advance by the Employer | C66: 1 | D66: Item
B68: Convenience of Others
A70: 21 | B70: The Contractor shall consult all persons who may be affected by the work, about suitable times for making deliveries and all other matters affecting them. Any damage caused to adjacent lands during the contract will be reinstated to the Employer's Represe | C70: 1 | D70: Item
B72: Preliminary Investigation
A74: 22 | B74: Contractors shall be deemed to have visited the site before submitting their tender and to have satisfied themselves as to the means of communication, access, extent of the work, nature of the site and the existing services and buildings and all condition | C74: 1 | D74: Item
B76: CONTRACTORS LIABILITY
B78: Particular Insurance Requirements
A80: 23 | B80: Public Liability insurance for a minimum limit of indemnity 6.5 million | C80: 1 | D80: Item
A82: 24 | B82: Employers liability insurance for a limit of indemnity of: 13.0 million | C82: 1 | D82: Item
A84: 25 | B84: The Contractor shall secure prior to commencement and maintain for the duration of the Contract or up to Substantial Completion or the making good of defects at Final Completion as the case may be, all of the insurance to be provided by virtue of his obli | C84: 1 | D84: Item
A86: 26 | B86: The Contractor shall submit evidence to the Employer in accordance with the provisions of the Contract that the required Insurance are in effect prior to commencement of the works. | C86: 1 | D86: Item
A88: 27 | B88: The Contractor shall cover for loss due to malicious damage in the scope of the All Risks Insurance required in the Conditions of Contract | C88: 1 | D88: Item
B90: Amendments to the Standard Agreed Rules of Measurement (ARM4)
A92: 28 | B92: Quantity and pricing basis: measured/reconstructed quantities are shown where available; provisional quantities and complete Item packages are expressly identified. Rates shall include labour, materials, waste, delivery, plant, fixings and workmanship required for the described element. Do not double price work identified as included elsewhere. The agreed contract must state how provisional quantities and design changes will be valued; no ARM4 compliance or fixed-price risk allocation is inferred from incomplete planning information. | C92: 1 | D92: Item
B94: Sub Letting
A96: 29 | B96: The Main Contractor must not assign this Contract or any share or interest therein without the written consent of the Employer, nor sub-let any portion of the Works without the approval of the Architect. This rule is to be strictly observed on this Contra | C96: 1 | D96: Item
B98: Removal of Improper Work and Materials
A100: 30 | B100: The Architect/Engineer shall have power to order during progress of the Works: the removal from the site of any materials which in his opinion are not in accordance with the Contract | C100: 1 | D100: Item
A102: 31 | B102: Substitution of proper materials | C102: 1 | D102: Item
A104: 32 | B104: Removal and proper re execution (notwithstanding any previous test thereof or interim payment therefor) of any work which respect of materials or work people is not in accordance with the Contract | C104: 1 | D104: Item
B106: Patent Rights and Royalties
A108: 33 | B108: The Contractor shall save harmless and indemnify the Employer for and against all claims and proceedings for or on account of infringement of any patent rights, design, trademark or name or other protected rights in respect of any constructional plant, ma | C108: 1 | D108: Item
B110: Others' Fittings or Equipment
A112: 34 | B112: The Contractor will be held responsible for any damage caused through his want of proper care to any of the fittings, equipment or machinery installed by the ESB Networks, Gas Networks Ireland, Eir, Irish Water and Local Authorities or their Agents or oth | C112: 1 | D112: Item
B114: CONSENTS, FEES AND CHARGES
A116: 35 | B116: The Contractor is to include for all costs associated with all Consents required to complete the works | C116: 1 | D116: Item
A118: 36 | B118: The contractor is to provide all necessary traffic management systems in accordance with the Engineers specifications and in line with Chapter 8 of the Department of Transport Temporary Traffic Measures and Signs for Roadworks while working on public road | C118: 1 | D118: Item
B120: OBLIGATIONS AND RESTRICTIONS IMPOSED BY THE EMPLOYER
B122: Building Regulations
A124: 37 | B124: Carry out the Works to the applicable Irish Building Regulations and coordinated issued design, including structure, fire safety, moisture/radon, ventilation, drainage, energy performance and access. Resolve requirements arising from short-term tourist use with the appointed designer/building-control adviser. Submit product compliance, test and installation records. Report design discrepancies before construction. | D124: Note
B126: Limitations of the Site
A128: 38 | B128: The Contractor must confine his operation within the immediate area covered by the works as shown on drawing Site Layout Plan and will make good at his own expense any damage to buildings, boundary walls, grounds, roads, or shrubbery occasioned through ne | C128: 1 | D128: Item
A130: 39 | B130: The contractor must ensure that adequate safety precautions are taken when working in the vicinity of overhead lines. These may include the provision of goal-post type barriers on each side of the overhead line and the non-use of scaffolding or ladders wi | C130: 1 | D130: Item
A132: 40 | B132: The Contractor shall be responsible for the maintenance and upkeep of the entrance road | C132: 1 | D132: Item
A134: 41 | B134: The contractor is advised that the planning authority may have made specific provisions with regard to the design of regulatory sight lines from the entrance/exit of the site. The contractor is required to implement these changes, for the duration of the | C134: 1 | D134: Item
A136: 42 | B136: In order to comply with the adjoining residents rights to quiet enjoyment of their building and to keep any disruption to a minimum, advanced notice must be given where the noise levels will cause disruption | C136: 1 | D136: Item
A138: 43 | B138: The works shall be carried out in such a way as to cause the minimum of inconvenience to the general public and the neighbouring residents. | C138: 1 | D138: Item
A140: 44 | B140: Carry out noisy work only within hours and noise limits agreed with the Employer and applicable local authority requirements. Obtain written authorisation for any out-of-hours work; protect neighbouring amenity. | C140: 1 | D140: Item
A142: 45 | B142: The tenderer is allow for all works to in line with Best Practice Guidelines in relation to waste management; allow for the Preparation of Waste Management Plan for Construction and Demolition Works that are required | C142: 1 | D142: Item
B144: Overtime
A146: 46 | B146: Claims for specific overtime will only be entertained when authorised in writing by the Employer | C146: 1 | D146: Item
B148: Temporary or Permanent Advertisements
A150: 47 | B150: Erection of temporary or permanent advertisements will not be permitted on site without prior permission from the Architects | C150: 1 | D150: Item
B152: STATUTORY OBLIGATIONS
B154: Tax Clearance
A156: 48 | B156: It will be a condition for the award of this Contract that a firm must comply with the Tax Clearance Procedures for Public Sector Contracts, Ref Contract Conditions for full details of compliance requirements | D156: Note
A158: 49 | B158: It will be a condition for the award of this contract that a firm must be able to produce promptly details of their Tax Clearance Certificate (unless he has a sub-contractors tax clearence certificate). In the case of a non-resident, a statement from the | D158: Note
A160: 50 | B160: Furthermore, it will be the responsibility of the successful Contractor to ensure that any Sub-Contractor employed by him on this contract is in possession of either a bona-fide Tax Clearance Certificate and to submit such Certificate in each case for ins | D160: Note
B162: Payment of Contractors Personnel
A164: 51 | B164: Strict compliance with the Contractual obligations regarding payment of contractors personnel must be adhered to at all times; please refer to the Contract Conditions | D164: Note
A166: 52 | B166: Allow for compliance with the applicable construction employment, welfare and payment obligations under the issued Conditions of Contract. | C166: 1 | D166: Item
B168: Freedom of Information
A170: 53 | B170: Allow for keeping project records and supplying records required by the Employer for the LEADER-funded procurement and grant claim. Confidentiality and disclosure obligations shall be those in the issued Conditions of Contract. | C170: 1 | D170: Item
B172: WORK BY SPECIALISTS
B174: SPECIALISTS
A176: 54 | B176: Main works tenderers are to include for any special contractual terms the specialist requires or for any general special attendances or any other requirements that arise | C176: 1 | D176: Item
A178: 55 | B178: Electrical Installations: The tenderer should note the requirement to supply, design and install all electrical services to the project. Full certification shall be required for this specialist element of works. | C178: 1 | D178: Item
A180: 56 | B180: Mechanical Installations: The tenderer should note the requirement to supply, design and install all mechanical services to the project. Full certification shall be required for this specialist element of works. | C180: 1 | D180: Item
B182: SUB LETTING
A184: 57 | B184: The Main Contractor must not assign this Contract or any share or interest therein without the written consent of the Employer, nor sub-let any portion of the Works without the approval of the Architect. This rule is to be strictly observed on this Contra | C184: 1 | D184: Item
B186: WORK BY UTILITY PROVIDERS
B188: Access for Local Authority Officers to the site
A190: 58 | B190: Should a recognised and responsible officer of a Local Authority desire to see the premises, buildings or documents, the Contractor shall refer him to the Employer. | C190: 1 | D190: Item
B192: MANAGEMENT OF WORKS
B194: General
A196: 59 | B196: The Contractor is to note and to comply with all the statutory obligations and regulations in connection with all items as noted in the Preliminaries, Agreed Rules of Measurement 4 | C196: 1 | D196: Item
...

Sheet Item summary
A1: Tearmon Beg — Tender item summary
A2: Items are grouped by build section. Enter rates and amounts in the elemental BOQ sheet; this summary displays those entries automatically. Read abridged descriptions with the full item descriptions in the detailed bill.
A4: Build section | B4: Item | C4: Work item (abridged — see detailed bill) | D4: Quantity | E4: Unit | F4: Rate | G4: Amount | H4: Detailed bill
A5: 1. Preliminaries and site management
A6: Preliminaries and site management | B6: 10 | C6: The Employer's Consultants and any other Consultants appointed from time to time by the Employer will be authorised to visit the site and to supervise all or any of the work. The Contractor shall observe their instructions and directions… | D6: 1 | E6: Item | F6: =IF('elemental BOQ'!E38="","",'elemental BOQ'!E38) | G6: =IF('elemental BOQ'!F38="","",'elemental BOQ'!F38) | H6: BOQ row 38
A7: Preliminaries and site management | B7: 11 | C7: The site is accessible through the existing entrance lane, as noted on site drawing; Access will remain open to contractors at all standard times. Access must remain unobstructed for the duration of the works. No materials, plant or othe… | D7: 1 | E7: Item | F7: =IF('elemental BOQ'!E44="","",'elemental BOQ'!E44) | G7: =IF('elemental BOQ'!F44="","",'elemental BOQ'!F44) | H7: BOQ row 44
A8: Preliminaries and site management | B8: 12 | C8: The Contractor should note the proximity of existing buildings, roadways and allow for any additional costs associated for restrictions/difficulties as a consequence of working adjacent to same. Allow for all costs associated with this. | D8: 1 | E8: Item | F8: =IF('elemental BOQ'!E48="","",'elemental BOQ'!E48) | G8: =IF('elemental BOQ'!F48="","",'elemental BOQ'!F48) | H8: BOQ row 48
A9: Preliminaries and site management | B9: 13 | C9: The Contractor shall be held solely responsible for the safety of the existing and adjoining properties and the safety of all temporary work that may be necessary for the protection, safety and stability of the existing properties while … | D9: 1 | E9: Item | F9: =IF('elemental BOQ'!E50="","",'elemental BOQ'!E50) | G9: =IF('elemental BOQ'!F50="","",'elemental BOQ'!F50) | H9: BOQ row 50
A10: Preliminaries and site management | B10: 14 | C10: Particular attention will be required to abutments with existing buildings, paths, roads, adjoining walls, fences etc during the course of the work. | D10: 1 | E10: Item | F10: =IF('elemental BOQ'!E52="","",'elemental BOQ'!E52) | G10: =IF('elemental BOQ'!F52="","",'elemental BOQ'!F52) | H10: BOQ row 52
A11: Preliminaries and site management | B11: 15 | C11: The information in the Contract as to the existence and whereabouts of existing services and mains is believed to be correct but the Contractor shall not be relieved of his obligations under the Contract. The Contractor shall include in … | D11: 1 | E11: Item | F11: =IF('elemental BOQ'!E56="","",'elemental BOQ'!E56) | G11: =IF('elemental BOQ'!F56="","",'elemental BOQ'!F56) | H11: BOQ row 56
A12: Preliminaries and site management | B12: 16 | C12: The Contractor shall allow in his rates and prices for taking measures to deal with overhead power cables, and the like | D12: 1 | E12: Item | F12: =IF('elemental BOQ'!E58="","",'elemental BOQ'!E58) | G12: =IF('elemental BOQ'!F58="","",'elemental BOQ'!F58) | H12: BOQ row 58
A13: Preliminaries and site management | B13: 17 | C13: The Contractor shall allow in his rates and prices for taking measures to deal with the existing flow of water, sewerage, and the like. | D13: 1 | E13: Item | F13: =IF('elemental BOQ'!E60="","",'elemental BOQ'!E60) | G13: =IF('elemental BOQ'!F60="","",'elemental BOQ'!F60) | H13: BOQ row 60
A14: Preliminaries and site management | B14: 18 | C14: The Contractor shall do everything necessary to avoid damage to any services and structures below, on or above the ground, which are manifestly put at risk by the execution of the works. | D14: 1 | E14: Item | F14: =IF('elemental BOQ'!E62="","",'elemental BOQ'!E62) | G14: =IF('elemental BOQ'!F62="","",'elemental BOQ'!F62) | H14: BOQ row 62
A15: Preliminaries and site management | B15: 19 | C15: The Contractor shall fully satisfy himself as to the exact location of all existing services. The Contractor should contact the Electricity Supply Board, Bord Gais, Eir, Irish Water and Local Authorities in relation to power cables, gas … | D15: 1 | E15: Item | F15: =IF('elemental BOQ'!E64="","",'elemental BOQ'!E64) | G15: =IF('elemental BOQ'!F64="","",'elemental BOQ'!F64) | H15: BOQ row 64
A16: Preliminaries and site management | B16: 20 | C16: The contingency plan must be approved in advance by the Employer | D16: 1 | E16: Item | F16: =IF('elemental BOQ'!E66="","",'elemental BOQ'!E66) | G16: =IF('elemental BOQ'!F66="","",'elemental BOQ'!F66) | H16: BOQ row 66
A17: Preliminaries and site management | B17: 21 | C17: The Contractor shall consult all persons who may be affected by the work, about suitable times for making deliveries and all other matters affecting them. Any damage caused to adjacent lands during the contract will be reinstated to the … | D17: 1 | E17: Item | F17: =IF('elemental BOQ'!E70="","",'elemental BOQ'!E70) | G17: =IF('elemental BOQ'!F70="","",'elemental BOQ'!F70) | H17: BOQ row 70
A18: Preliminaries and site management | B18: 22 | C18: Contractors shall be deemed to have visited the site before submitting their tender and to have satisfied themselves as to the means of communication, access, extent of the work, nature of the site and the existing services and buildings… | D18: 1 | E18: Item | F18: =IF('elemental BOQ'!E74="","",'elemental BOQ'!E74) | G18: =IF('elemental BOQ'!F74="","",'elemental BOQ'!F74) | H18: BOQ row 74
A19: Preliminaries and site management | B19: 23 | C19: Public Liability insurance for a minimum limit of indemnity 6.5 million | D19: 1 | E19: Item | F19: =IF('elemental BOQ'!E80="","",'elemental BOQ'!E80) | G19: =IF('elemental BOQ'!F80="","",'elemental BOQ'!F80) | H19: BOQ row 80
A20: Preliminaries and site management | B20: 24 | C20: Employers liability insurance for a limit of indemnity of: 13.0 million | D20: 1 | E20: Item | F20: =IF('elemental BOQ'!E82="","",'elemental BOQ'!E82) | G20: =IF('elemental BOQ'!F82="","",'elemental BOQ'!F82) | H20: BOQ row 82
A21: Preliminaries and site management | B21: 25 | C21: The Contractor shall secure prior to commencement and maintain for the duration of the Contract or up to Substantial Completion or the making good of defects at Final Completion as the case may be, all of the insurance to be provided by … | D21: 1 | E21: Item | F21: =IF('elemental BOQ'!E84="","",'elemental BOQ'!E84) | G21: =IF('elemental BOQ'!F84="","",'elemental BOQ'!F84) | H21: BOQ row 84
A22: Preliminaries and site management | B22: 26 | C22: The Contractor shall submit evidence to the Employer in accordance with the provisions of the Contract that the required Insurance are in effect prior to commencement of the works. | D22: 1 | E22: Item | F22: =IF('elemental BOQ'!E86="","",'elemental BOQ'!E86) | G22: =IF('elemental BOQ'!F86="","",'elemental BOQ'!F86) | H22: BOQ row 86
A23: Preliminaries and site management | B23: 27 | C23: The Contractor shall cover for loss due to malicious damage in the scope of the All Risks Insurance required in the Conditions of Contract | D23: 1 | E23: Item | F23: =IF('elemental BOQ'!E88="","",'elemental BOQ'!E88) | G23: =IF('elemental BOQ'!F88="","",'elemental BOQ'!F88) | H23: BOQ row 88
A24: Preliminaries and site management | B24: 28 | C24: Quantity and pricing basis: measured/reconstructed quantities are shown where available; provisional quantities and complete Item packages are expressly identified. Rates shall include labour, materials, waste, delivery, plant, fixings a… | D24: 1 | E24: Item | F24: =IF('elemental BOQ'!E92="","",'elemental BOQ'!E92) | G24: =IF('elemental BOQ'!F92="","",'elemental BOQ'!F92) | H24: BOQ row 92
A25: Preliminaries and site management | B25: 29 | C25: The Main Contractor must not assign this Contract or any share or interest therein without the written consent of the Employer, nor sub-let any portion of the Works without the approval of the Architect. This rule is to be strictly obser… | D25: 1 | E25: Item | F25: =IF('elemental BOQ'!E96="","",'elemental BOQ'!E96) | G25: =IF('elemental BOQ'!F96="","",'elemental BOQ'!F96) | H25: BOQ row 96
A26: Preliminaries and site management | B26: 30 | C26: The Architect/Engineer shall have power to order during progress of the Works: the removal from the site of any materials which in his opinion are not in accordance with the Contract | D26: 1 | E26: Item | F26: =IF('elemental BOQ'!E100="","",'elemental BOQ'!E100) | G26: =IF('elemental BOQ'!F100="","",'elemental BOQ'!F100) | H26: BOQ row 100
A27: Preliminaries and site management | B27: 31 | C27: Substitution of proper materials | D27: 1 | E27: Item | F27: =IF('elemental BOQ'!E102="","",'elemental BOQ'!E102) | G27: =IF('elemental BOQ'!F102="","",'elemental BOQ'!F102) | H27: BOQ row 102
A28: Preliminaries and site management | B28: 32 | C28: Removal and proper re execution (notwithstanding any previous test thereof or interim payment therefor) of any work which respect of materials or work people is not in accordance with the Contract | D28: 1 | E28: Item | F28: =IF('elemental BOQ'!E104="","",'elemental BOQ'!E104) | G28: =IF('elemental BOQ'!F104="","",'elemental BOQ'!F104) | H28: BOQ row 104
A29: Preliminaries and site management | B29: 33 | C29: The Contractor shall save harmless and indemnify the Employer for and against all claims and proceedings for or on account of infringement of any patent rights, design, trademark or name or other protected rights in respect of any constr… | D29: 1 | E29: Item | F29: =IF('elemental BOQ'!E108="","",'elemental BOQ'!E108) | G29: =IF('elemental BOQ'!F108="","",'elemental BOQ'!F108) | H29: BOQ row 108
A30: Preliminaries and site management | B30: 34 | C30: The Contractor will be held responsible for any damage caused through his want of proper care to any of the fittings, equipment or machinery installed by the ESB Networks, Gas Networks Ireland, Eir, Irish Water and Local Authorities or t… | D30: 1 | E30: Item | F30: =IF('elemental BOQ'!E112="","",'elemental BOQ'!E112) | G30: =IF('elemental BOQ'!F112="","",'elemental BOQ'!F112) | H30: BOQ row 112
A31: Preliminaries and site management | B31: 35 | C31: The Contractor is to include for all costs associated with all Consents required to complete the works | D31: 1 | E31: Item | F31: =IF('elemental BOQ'!E116="","",'elemental BOQ'!E116) | G31: =IF('elemental BOQ'!F116="","",'elemental BOQ'!F116) | H31: BOQ row 116
A32: Preliminaries and site management | B32: 36 | C32: The contractor is to provide all necessary traffic management systems in accordance with the Engineers specifications and in line with Chapter 8 of the Department of Transport Temporary Traffic Measures and Signs for Roadworks while work… | D32: 1 | E32: Item | F32: =IF('elemental BOQ'!E118="","",'elemental BOQ'!E118) | G32: =IF('elemental BOQ'!F118="","",'elemental BOQ'!F118) | H32: BOQ row 118
A33: Preliminaries and site management | B33: 38 | C33: The Contractor must confine his operation within the immediate area covered by the works as shown on drawing Site Layout Plan and will make good at his own expense any damage to buildings, boundary walls, grounds, roads, or shrubbery occ… | D33: 1 | E33: Item | F33: =IF('elemental BOQ'!E128="","",'elemental BOQ'!E128) | G33: =IF('elemental BOQ'!F128="","",'elemental BOQ'!F128) | H33: BOQ row 128
A34: Preliminaries and site management | B34: 39 | C34: The contractor must ensure that adequate safety precautions are taken when working in the vicinity of overhead lines. These may include the provision of goal-post type barriers on each side of the overhead line and the non-use of scaffol… | D34: 1 | E34: Item | F34: =IF('elemental BOQ'!E130="","",'elemental BOQ'!E130) | G34: =IF('elemental BOQ'!F130="","",'elemental BOQ'!F130) | H34: BOQ row 130
A35: Preliminaries and site management | B35: 40 | C35: The Contractor shall be responsible for the maintenance and upkeep of the entrance road | D35: 1 | E35: Item | F35: =IF('elemental BOQ'!E132="","",'elemental BOQ'!E132) | G35: =IF('elemental BOQ'!F132="","",'elemental BOQ'!F132) | H35: BOQ row 132
A36: Preliminaries and site management | B36: 41 | C36: The contractor is advised that the planning authority may have made specific provisions with regard to the design of regulatory sight lines from the entrance/exit of the site. The contractor is required to implement these changes, for th… | D36: 1 | E36: Item | F36: =IF('elemental BOQ'!E134="","",'elemental BOQ'!E134) | G36: =IF('elemental BOQ'!F134="","",'elemental BOQ'!F134) | H36: BOQ row 134
A37: Preliminaries and site management | B37: 42 | C37: In order to comply with the adjoining residents rights to quiet enjoyment of their building and to keep any disruption to a minimum, advanced notice must be given where the noise levels will cause disruption | D37: 1 | E37: Item | F37: =IF('elemental BOQ'!E136="","",'elemental BOQ'!E136) | G37: =IF('elemental BOQ'!F136="","",'elemental BOQ'!F136) | H37: BOQ row 136
A38: Preliminaries and site management | B38: 43 | C38: The works shall be carried out in such a way as to cause the minimum of inconvenience to the general public and the neighbouring residents. | D38: 1 | E38: Item | F38: =IF('elemental BOQ'!E138="","",'elemental BOQ'!E138) | G38: =IF('elemental BOQ'!F138="","",'elemental BOQ'!F138) | H38: BOQ row 138
A39: Preliminaries and site management | B39: 44 | C39: Carry out noisy work only within hours and noise limits agreed with the Employer and applicable local authority requirements. Obtain written authorisation for any out-of-hours work; protect neighbouring amenity. | D39: 1 | E39: Item | F39: =IF('elemental BOQ'!E140="","",'elemental BOQ'!E140) | G39: =IF('elemental BOQ'!F140="","",'elemental BOQ'!F140) | H39: BOQ row 140
A40: Preliminaries and site management | B40: 45 | C40: The tenderer is allow for all works to in line with Best Practice Guidelines in relation to waste management; allow for the Preparation of Waste Management Plan for Construction and Demolition Works that are required | D40: 1 | E40: Item | F40: =IF('elemental BOQ'!E142="","",'elemental BOQ'!E142) | G40: =IF('elemental BOQ'!F142="","",'elemental BOQ'!F142) | H40: BOQ row 142
A41: Preliminaries and site management | B41: 46 | C41: Claims for specific overtime will only be entertained when authorised in writing by the Employer | D41: 1 | E41: Item | F41: =IF('elemental BOQ'!E146="","",'elemental BOQ'!E146) | G41: =IF('elemental BOQ'!F146="","",'elemental BOQ'!F146) | H41: BOQ row 146
A42: Preliminaries and site management | B42: 47 | C42: Erection of temporary or permanent advertisements will not be permitted on site without prior permission from the Architects | D42: 1 | E42: Item | F42: =IF('elemental BOQ'!E150="","",'elemental BOQ'!E150) | G42: =IF('elemental BOQ'!F150="","",'elemental BOQ'!F150) | H42: BOQ row 150
A43: Preliminaries and site management | B43: 52 | C43: Allow for compliance with the applicable construction employment, welfare and payment obligations under the issued Conditions of Contract. | D43: 1 | E43: Item | F43: =IF('elemental BOQ'!E166="","",'elemental BOQ'!E166) | G43: =IF('elemental BOQ'!F166="","",'elemental BOQ'!F166) | H43: BOQ row 166
A44: Preliminaries and site management | B44: 53 | C44: Allow for keeping project records and supplying records required by the Employer for the LEADER-funded procurement and grant claim. Confidentiality and disclosure obligations shall be those in the issued Conditions of Contract. | D44: 1 | E44: Item | F44: =IF('elemental BOQ'!E170="","",'elemental BOQ'!E170) | G44: =IF('elemental BOQ'!F170="","",'elemental BOQ'!F170) | H44: BOQ row 170
A45: Preliminaries and site management | B45: 54 | C45: Main works tenderers are to include for any special contractual terms the specialist requires or for any general special attendances or any other requirements that arise | D45: 1 | E45: Item | F45: =IF('elemental BOQ'!E176="","",'elemental BOQ'!E176) | G45: =IF('elemental BOQ'!F176="","",'elemental BOQ'!F176) | H45: BOQ row 176
A46: Preliminaries and site management | B46: 55 | C46: Electrical Installations: The tenderer should note the requirement to supply, design and install all electrical services to the project. Full certification shall be required for this specialist element of works. | D46: 1 | E46: Item | F46: =IF('elemental BOQ'!E178="","",'elemental BOQ'!E178) | G46: =IF('elemental BOQ'!F178="","",'elemental BOQ'!F178) | H46: BOQ row 178
A47: Preliminaries and site management | B47: 56 | C47: Mechanical Installations: The tenderer should note the requirement to supply, design and install all mechanical services to the project. Full certification shall be required for this specialist element of works. | D47: 1 | E47: Item | F47: =IF('elemental BOQ'!E180="","",'elemental BOQ'!E180) | G47: =IF('elemental BOQ'!F180="","",'elemental BOQ'!F180) | H47: BOQ row 180
A48: Preliminaries and site management | B48: 57 | C48: The Main Contractor must not assign this Contract or any share or interest therein without the written consent of the Employer, nor sub-let any portion of the Works without the approval of the Architect. This rule is to be strictly obser… | D48: 1 | E48: Item | F48: =IF('elemental BOQ'!E184="","",'elemental BOQ'!E184) | G48: =IF('elemental BOQ'!F184="","",'elemental BOQ'!F184) | H48: BOQ row 184
A49: Preliminaries and site management | B49: 58 | C49: Should a recognised and responsible officer of a Local Authority desire to see the premises, buildings or documents, the Contractor shall refer him to the Employer. | D49: 1 | E49: Item | F49: =IF('elemental BOQ'!E190="","",'elemental BOQ'!E190) | G49: =IF('elemental BOQ'!F190="","",'elemental BOQ'!F190) | H49: BOQ row 190
A50: Preliminaries and site management | B50: 59 | C50: The Contractor is to note and to comply with all the statutory obligations and regulations in connection with all items as noted in the Preliminaries, Agreed Rules of Measurement 4 | D50: 1 | E50: Item | F50: =IF('elemental BOQ'!E196="","",'elemental BOQ'!E196) | G50: =IF('elemental BOQ'!F196="","",'elemental BOQ'!F196) | H50: BOQ row 196
A51: Preliminaries and site management | B51: 60 | C51: Provide for all on and off site management costs | D51: 1 | E51: Item | F51: =IF('elemental BOQ'!E200="","",'elemental BOQ'!E200) | G51: =IF('elemental BOQ'!F200="","",'elemental BOQ'!F200) | H51: BOQ row 200
A52: Preliminaries and site management | B52: 61 | C52: The Contractor will be required as one of the Conditions of Contract to appoint on a full-time basis an experienced and competent Project Manager, whose sole duties will be the management of the job on the Contractor's behalf. The person… | D52: 1 | E52: Item | F52: =IF('elemental BOQ'!E202="","",'elemental BOQ'!E202) | G52: =IF('elemental BOQ'!F202="","",'elemental BOQ'!F202) | H52: BOQ row 202
A53: Preliminaries and site management | B53: 67 | C53: Provide for all necessary on and off site administration costs including the keeping of all statutory records. The contractor is reminded of his management obligations in preparing interim reports for submission as directed under the con… | D53: 1 | E53: Item | F53: =IF('elemental BOQ'!E216="","",'elemental BOQ'!E216) | G53: =IF('elemental BOQ'!F216="","",'elemental BOQ'!F216) | H53: BOQ row 216
A54: Preliminaries and site management | B54: 68 | C54: Provide all necessary transport for workpeople and temporary carparking onsite. | D54: 1 | E54: Item | F54: =IF('elemental BOQ'!E220="","",'elemental BOQ'!E220) | G54: =IF('elemental BOQ'!F220="","",'elemental BOQ'!F220) | H54: BOQ row 220
A55: Preliminaries and site management | B55: 69 | C55: Materials, goods and workmanship are to be of the best quality of their respective kinds and those for which there is an European Norm, Irish or British Standard or Code of Practice are to comply therewith unless otherwise stated. Contra… | D55: 1 | E55: Item | F55: =IF('elemental BOQ'!E226="","",'elemental BOQ'!E226) | G55: =IF('elemental BOQ'!F226="","",'elemental BOQ'!F226) | H55: BOQ row 226
A56: Preliminaries and site management | B56: 70 | C56: The Contractor shall provide for a quality control system | D56: 1 | E56: Item | F56: =IF('elemental BOQ'!E228="","",'elemental BOQ'!E228) | G56: =IF('elemental BOQ'!F228="","",'elemental BOQ'!F228) | H56: BOQ row 228
A57: Preliminaries and site management | B57: 71 | C57: The Employer's Representative shall have power to direct the removal of all defective materials from the works by the Contractor. | D57: 1 | E57: Item | F57: =IF('elemental BOQ'!E230="","",'elemental BOQ'!E230) | G57: =IF('elemental BOQ'!F230="","",'elemental BOQ'!F230) | H57: BOQ row 230
A58: Preliminaries and site management | B58: 72 | C58: The Contractor shall comply with the provisions of the current Building (Safety, Health, Welfare and Environmental) Regulations. | D58: 1 | E58: Item | F58: =IF('elemental BOQ'!E232="","",'elemental BOQ'!E232) | G58: =IF('elemental BOQ'!F232="","",'elemental BOQ'!F232) | H58: BOQ row 232
A59: Preliminaries and site management | B59: 73 | C59: If required by the Employer's Representative, the Contractor shall provide a copy of any Code of Practice for use by the foreman on site. | D59: 1 | E59: Item | F59: =IF('elemental BOQ'!E234="","",'elemental BOQ'!E234) | G59: =IF('elemental BOQ'!F234="","",'elemental BOQ'!F234) | H59: BOQ row 234
A60: Preliminaries and site management | B60: 74 | C60: Where components or materials are specified to comply with a National Standard, the relevant standard number shall be marked on the commodity or on the delivery docket. Generally, reference to European Norms, Irish, British or other Stan… | D60: 1 | E60: Item | F60: =IF('elemental BOQ'!E236="","",'elemental BOQ'!E236) | G60: =IF('elemental BOQ'!F236="","",'elemental BOQ'!F236) | H60: BOQ row 236
A61: Preliminaries and site management | B61: 75 | C61: Where appropriate all materials delivered to the site shall bear the manufacturers name, CE mark, brand or any other data that may be required to verify the exact nature of the material and relate it to the requirements of the specificat… | D61: 1 | E61: Item | F61: =IF('elemental BOQ'!E238="","",'elemental BOQ'!E238) | G61: =IF('elemental BOQ'!F238="","",'elemental BOQ'!F238) | H61: BOQ row 238
A62: Preliminaries and site management | B62: 76 | C62: Work test certificates shall include whenever applicable, the location of the work or the delivery or batch which the sample represents. | D62: 1 | E62: Item | F62: =IF('elemental BOQ'!E240="","",'elemental BOQ'!E240) | G62: =IF('elemental BOQ'!F240="","",'elemental BOQ'!F240) | H62: BOQ row 240
A63: Preliminaries and site management | B63: 77 | C63: Assessment of the quality of materials and workmanship shall be made in the presence of the Employer's Representative or his representative, unless otherwise instructed. | D63: 1 | E63: Item | F63: =IF('elemental BOQ'!E242="","",'elemental BOQ'!E242) | G63: =IF('elemental BOQ'!F242="","",'elemental BOQ'!F242) | H63: BOQ row 242
A64: Preliminaries and site management | B64: 78 | C64: The Contractor shall make available to the Employers representative any instruments or other equipment and every assistance that they may require for checking the accuracy and quality of the works. | D64: 1 | E64: Item | F64: =IF('elemental BOQ'!E244="","",'elemental BOQ'!E244) | G64: =IF('elemental BOQ'!F244="","",'elemental BOQ'!F244) | H64: BOQ row 244
A65: Preliminaries and site management | B65: 79 | C65: Unless otherwise specified the the accuracy of the work shall comply with B.S.5606. | D65: 1 | E65: Item | F65: =IF('elemental BOQ'!E246="","",'elemental BOQ'!E246) | G65: =IF('elemental BOQ'!F246="","",'elemental BOQ'!F246) | H65: BOQ row 246
A66: Preliminaries and site management | B66: 80 | C66: The Contractor shall be deemed to have included in his rates for all items to comply with the specified tolerance as well as completing the works to tolerance of existing structures, finishes and services which currently pertain on site. | D66: 1 | E66: Item | F66: =IF('elemental BOQ'!E248="","",'elemental BOQ'!E248) | G66: =IF('elemental BOQ'!F248="","",'elemental BOQ'!F248) | H66: BOQ row 248
A67: Preliminaries and site management | B67: 81 | C67: The Contractor shall be deemed to have included in his rates for all items to comply with the Engineer's specification | D67: 1 | E67: Item | F67: =IF('elemental BOQ'!E250="","",'elemental BOQ'!E250) | G67: =IF('elemental BOQ'!F250="","",'elemental BOQ'!F250) | H67: BOQ row 250
A68: Preliminaries and site management | B68: 82 | C68: Read item descriptions with the listed drawings and issued specifications. Named products are quality/performance references: equivalent products may be proposed with evidence of equivalent suitability, durability and performance, subjec… | D68: 1 | E68: Item | F68: =IF('elemental BOQ'!E252="","",'elemental BOQ'!E252) | G68: =IF('elemental BOQ'!F252="","",'elemental BOQ'!F252) | H68: BOQ row 252
A69: Preliminaries and site management | B69: 83 | C69: The Contractor shall keep fully detailed daily records of all plant and labour force, identifying their occupation, trade and status and materials used on site (including manufacturers certificates). | D69: 1 | E69: Item | F69: =IF('elemental BOQ'!E256="","",'elemental BOQ'!E256) | G69: =IF('elemental BOQ'!F256="","",'elemental BOQ'!F256) | H69: BOQ row 256
A70: Preliminaries and site management | B70: 84 | C70: The Contractor shall keep detailed dated records of the progress of the works, and where directed by the specification, of dimensions of completed works. | D70: 1 | E70: Item | F70: =IF('elemental BOQ'!E258="","",'elemental BOQ'!E258) | G70: =IF('elemental BOQ'!F258="","",'elemental BOQ'!F258) | H70: BOQ row 258
A71: Preliminaries and site management | B71: 85 | C71: The Contractor shall keep a daily record of weather conditions including the maximum, minimum and average outside shade temperatures, humidity and wind speed. Records should record changes in conditions which occur within any one day. | D71: 1 | E71: Item | F71: =IF('elemental BOQ'!E260="","",'elemental BOQ'!E260) | G71: =IF('elemental BOQ'!F260="","",'elemental BOQ'!F260) | H71: BOQ row 260
A72: Preliminaries and site management | B72: 86 | C72: The Contractor may be required to liaise with local contractors, organizations / residents, etc., during the course of the works. The Contractor is to include here for all costs involved in this regard. | D72: 1 | E72: Item | F72: =IF('elemental BOQ'!E262="","",'elemental BOQ'!E262) | G72: =IF('elemental BOQ'!F262="","",'elemental BOQ'!F262) | H72: BOQ row 262
A73: Preliminaries and site management | B73: 87 | C73: Provide one complete set of as-built drawings, dated construction photographs, product data, commissioning/test certificates, operation and maintenance manuals, warranties and waste-transfer records in searchable electronic format and on… | D73: 1 | E73: Item | F73: =IF('elemental BOQ'!E266="","",'elemental BOQ'!E266) | G73: =IF('elemental BOQ'!F266="","",'elemental BOQ'!F266) | H73: BOQ row 266
A74: Preliminaries and site management | B74: 88 | C74: The Employer's Representative and any person authorised by him shall at all reasonable times have access to the works and to the site and to all workshops and places where work is being prepared or where materials, manufactured articles … | D74: 1 | E74: Item | F74: =IF('elemental BOQ'!E270="","",'elemental BOQ'!E270) | G74: =IF('elemental BOQ'!F270="","",'elemental BOQ'!F270) | H74: BOQ row 270
A75: Preliminaries and site management | B75: 89 | C75: Any works (other than the soft landscaped and planted areas which will be maintained by the client after Substantial Completion) exhibiting defects during that period shall be made good by the Contractor at his own expense prior to the i… | D75: 1 | E75: Item | F75: =IF('elemental BOQ'!E274="","",'elemental BOQ'!E274) | G75: =IF('elemental BOQ'!F274="","",'elemental BOQ'!F274) | H75: BOQ row 274
A76: Preliminaries and site management | B76: 90 | C76: Provide for making good defects within the defects liability period immediately after notification of same. | D76: 1 | E76: Item | F76: =IF('elemental BOQ'!E276="","",'elemental BOQ'!E276) | G76: =IF('elemental BOQ'!F276="","",'elemental BOQ'!F276) | H76: BOQ row 276
A77: Preliminaries and site management | B77: 91 | C77: Under no conditions whatsoever is concrete containing high alumina cement to be used in any part of the work. | D77: 1 | E77: Item | F77: =IF('elemental BOQ'!E280="","",'elemental BOQ'!E280) | G77: =IF('elemental BOQ'!F280="","",'elemental BOQ'!F280) | H77: BOQ row 280
A78: Preliminaries and site management | B78: 94 | C78: The Contractor shall agree and maintain complete and current inspection and test procedures with the Employer's Representative prior to commencement of the works | D78: 1 | E78: Item | F78: =IF('elemental BOQ'!E290="","",'elemental BOQ'!E290) | G78: =IF('elemental BOQ'!F290="","",'elemental BOQ'!F290) | H78: BOQ row 290
A79: Preliminaries and site management | B79: 95 | C79: The Contractor shall supply, at his own expense, samples of all materials manufactured articles and executed work which the Employer's Representative may request for approval before adoption. Such approval shall not relieve the Contracto… | D79: 1 | E79: Item | F79: =IF('elemental BOQ'!E292="","",'elemental BOQ'!E292) | G79: =IF('elemental BOQ'!F292="","",'elemental BOQ'!F292) | H79: BOQ row 292
A80: Preliminaries and site management | B80: 96 | C80: The Contractor shall supply materials at his own expense, for all tests required by the Specification and such tests as the Employer's Representative may direct under the Conditions of Contract and execute all necessary arrangements, not… | D80: 1 | E80: Item | F80: =IF('elemental BOQ'!E294="","",'elemental BOQ'!E294) | G80: =IF('elemental BOQ'!F294="","",'elemental BOQ'!F294) | H80: BOQ row 294
A81: Preliminaries and site management | B81: 97 | C81: Samples which have been installed in position may be retained as part of the works provided they have been approved by the Employer's Representative. | D81: 1 | E81: Item | F81: =IF('elemental BOQ'!E296="","",'elemental BOQ'!E296) | G81: =IF('elemental BOQ'!F296="","",'elemental BOQ'!F296) | H81: BOQ row 296
A82: Preliminaries and site management | B82: 98 | C82: Provide each week for the Architect a daily return showing the quantity, description and source of materials bought on or off site | D82: 1 | E82: Item | F82: =IF('elemental BOQ'!E300="","",'elemental BOQ'!E300) | G82: =IF('elemental BOQ'!F300="","",'elemental BOQ'!F300) | H82: BOQ row 300
A83: Preliminaries and site management | B83: 99 | C83: Provide in respect of materials or components manufacturer's certificates of compliance with standard, CE certification, National Standards Authority of Ireland Certificate Mark or British Board of Agrement Certificate mark when requeste… | D83: 1 | E83: Item | F83: =IF('elemental BOQ'!E304="","",'elemental BOQ'!E304) | G83: =IF('elemental BOQ'!F304="","",'elemental BOQ'!F304) | H83: BOQ row 304
A84: Preliminaries and site management | B84: 101 | C84: (a) Pay Related Social Insurance Contributions | D84: 1 | E84: Item | F84: =IF('elemental BOQ'!E312="","",'elemental BOQ'!E312) | G84: =IF('elemental BOQ'!F312="","",'elemental BOQ'!F312) | H84: BOQ row 312
A85: Preliminaries and site management | B85: 102 | C85: (b) Pensions | D85: 1 | E85: Item | F85: =IF('elemental BOQ'!E314="","",'elemental BOQ'!E314) | G85: =IF('elemental BOQ'!F314="","",'elemental BOQ'!F314) | H85: BOQ row 314
A86: Preliminaries and site management | B86: 103 | C86: (c) Annual and Public Holidays | D86: 1 | E86: Item | F86: =IF('elemental BOQ'!E316="","",'elemental BOQ'!E316) | G86: =IF('elemental BOQ'!F316="","",'elemental BOQ'!F316) | H86: BOQ row 316
A87: Preliminaries and site management | B87: 104 | C87: (d) Travelling time, expenses, fares and transport | D87: 1 | E87: Item | F87: =IF('elemental BOQ'!E318="","",'elemental BOQ'!E318) | G87: =IF('elemental BOQ'!F318="","",'elemental BOQ'!F318) | H87: BOQ row 318
A88: Preliminaries and site management | B88: 105 | C88: (e) Guaranteed time | D88: 1 | E88: Item | F88: =IF('elemental BOQ'!E320="","",'elemental BOQ'!E320) | G88: =IF('elemental BOQ'!F320="","",'elemental BOQ'!F320) | H88: BOQ row 320
A89: Preliminaries and site management | B89: 106 | C89: (f) Non-productive overtime and other expenses in connection with overtime | D89: 1 | E89: Item | F89: =IF('elemental BOQ'!E322="","",'elemental BOQ'!E322) | G89: =IF('elemental BOQ'!F322="","",'elemental BOQ'!F322) | H89: BOQ row 322
A90: Preliminaries and site management | B90: 107 | C90: (g) Incentive and bonus payments | D90: 1 | E90: Item | F90: =IF('elemental BOQ'!E324="","",'elemental BOQ'!E324) | G90: =IF('elemental BOQ'!F324="","",'elemental BOQ'!F324) | H90: BOQ row 324
A91: Preliminaries and site management | B91: 108 | C91: (h) Sick Pay Disbursements | D91: 1 | E91: Item | F91: =IF('elemental BOQ'!E326="","",'elemental BOQ'!E326) | G91: =IF('elemental BOQ'!F326="","",'elemental BOQ'!F326) | H91: BOQ row 326
A92: Preliminaries and site management | B92: 109 | C92: (i) Country Money, Subsistence Payments | D92: 1 | E92: Item | F92: =IF('elemental BOQ'!E328="","",'elemental BOQ'!E328) | G92: =IF('elemental BOQ'!F328="","",'elemental BOQ'!F328) | H92: BOQ row 328
A93: Preliminaries and site management | B93: 110 | C93: (j) Solas Levy | D93: 1 | E93: Item | F93: =IF('elemental BOQ'!E330="","",'elemental BOQ'!E330) | G93: =IF('elemental BOQ'!F330="","",'elemental BOQ'!F330) | H93: BOQ row 330
A94: Preliminaries and site management | B94: 111 | C94: (k) Redundancy Scheme | D94: 1 | E94: Item | F94: =IF('elemental BOQ'!E332="","",'elemental BOQ'!E332) | G94: =IF('elemental BOQ'!F332="","",'elemental BOQ'!F332) | H94: BOQ row 332
A95: Preliminaries and site management | B95: 112 | C95: (l) Tool Money | D95: 1 | E95: Item | F95: =IF('elemental BOQ'!E334="","",'elemental BOQ'!E334) | G95: =IF('elemental BOQ'!F334="","",'elemental BOQ'!F334) | H95: BOQ row 334
A96: Preliminaries and site management | B96: 113 | C96: (m) Any other disbursements arising from employment of labour | D96: 1 | E96: Item | F96: =IF('elemental BOQ'!E336="","",'elemental BOQ'!E336) | G96: =IF('elemental BOQ'!F336="","",'elemental BOQ'!F336) | H96: BOQ row 336
A97: Preliminaries and site management | B97: 114 | C97: The contractor is to include for any costs associated with the release of the Sectoral Employment Orders released for (1) Sectoral Employment Order (Construction Sector) 2017 - (announced 19th October 2017) (2) Sectoral Employment Order … | D97: 1 | E97: Item | F97: =IF('elemental BOQ'!E340="","",'elemental BOQ'!E340) | G97: =IF('elemental BOQ'!F340="","",'elemental BOQ'!F340) | H97: BOQ row 340
A98: Preliminaries and site management | B98: 115 | C98: Every possible means must be availed of on the part of the Contractor and his Foreman in charge of the Works to ascertain that the clauses in the General Conditions of Contract with reference to Trade Union and Local Labour are complied … | D98: 1 | E98: Item | F98: =IF('elemental BOQ'!E344="","",'elemental BOQ'!E344) | G98: =IF('elemental BOQ'!F344="","",'elemental BOQ'!F344) | H98: BOQ row 344
A99: Preliminaries and site management | B99: 116 | C99: All workers employed by the Contractor and his Sub-Contractors shall be registered for and paying Pay Related Social Insurance. | D99: 1 | E99: Item | F99: =IF('elemental BOQ'!E346="","",'elemental BOQ'!E346) | G99: =IF('elemental BOQ'!F346="","",'elemental BOQ'!F346) | H99: BOQ row 346
A100: Preliminaries and site management | B100: 117 | C100: The Contractor and his sub-Contractors shall, where appropriate comply in all respects with the terms of the Worker Protection (Regular Part-time Workers) Act 1991 and the Social Welfare (Employment of Inconsiderable Extent) (no. 2) Regu… | D100: 1 | E100: Item | F100: =IF('elemental BOQ'!E348="","",'elemental BOQ'!E348) | G100: =IF('elemental BOQ'!F348="","",'elemental BOQ'!F348) | H100: BOQ row 348
A101: Preliminaries and site management | B101: 118 | C101: Contractors tendering for the work will be deemed to have satisfied themselves as to the conditions obtaining in the district with regard to recruitment of labour, both skilled and unskilled. They shall include in their tenders if, and a… | D101: 1 | E101: Item | F101: =IF('elemental BOQ'!E352="","",'elemental BOQ'!E352) | G101: =IF('elemental BOQ'!F352="","",'elemental BOQ'!F352) | H101: BOQ row 352
...
